 Dungeon Crawl Stone Soup version 0.29-a0-775-g4d7333d4e2 (webtiles) character file.

Game seed: 5867933015873035740

6309 miscthings the Basher (level 11, -2/97 HPs)
             Began as a Meteoran Fighter on July 1, 2022.
             Was a Believer of Ashenzari.
             Slain by Snorg (9 damage)
             ... on level 10 of the Dungeon on July 2, 2022.
             The game lasted 00:24:06 (4875 turns).

miscthings the Basher (Meteoran Fighter)            Turns: 4875, Time: 00:24:07

Health: -2/97      AC:  9    Str: 19    XL:     11   Next: 38%
Magic:  12/12      EV: 13    Int: 12    God:    Ashenzari [**....]
Gold:   610        SH:  6    Dex: 15    Spells: 10/10 levels left

rFire   + . .      SeeInvis +   I - +2 whip (elec)
rCold   . . .      Faith    .   c - +0 buckler of the Wild Blue Yonder {Fort, Self} (curse)
rNeg    . . .      Spirit   .   b - +0 scale mail of the Enigmatic Sky {Cun, Range} (curse)
rPois   .          Reflect  .   (no helmet)
rElec   .          Harm     .   o - +0 cloak of the Perceptive Portent {Self, Melee} (curse)
rCorr   .          Rampage  .   (no gloves)
Will    +....                   (no boots)
Stlth   ..........              (no amulet)
HPRegen 0.26/turn               v - ring "Oracular Gloom" {rF+, Elem, Evo} (curse)
MPRegen 0.13/turn               (no ring)

@: glowing
A: sense surroundings 2, otherworldly, glowing, explore regen
a: Renounce Religion, Curse Item, Shatter the Chains


You were on level 10 of the Dungeon.
You worshipped Ashenzari.
Ashenzari was pleased with you.
You visited 2 branches of the dungeon, and saw 11 of its levels.
You also visited: Ossuary.

You collected 610 gold pieces.

Inventory:

Hand Weapons
 a - a +0 war axe
 I - a +2 whip of electrocution (weapon)
Missiles
 B - a curare-tipped dart (quivered)
Armour
 b - the cursed +0 scale mail of the Enigmatic Sky (worn) {Cun, Range}

   It has a curse which improves the following skills: Cunning: Dodging and
   Stealth.
   Ranged Combat: Ranged Weapons and Throwing.
 c - the cursed +0 buckler of the Wild Blue Yonder (worn) {Fort, Self}

   It has a curse which improves the following skills: Fortitude: Armour and
   Shields.
   Introspection: Fighting and Spellcasting.
 o - the cursed +0 cloak of the Perceptive Portent (worn) {Self, Melee}
   (You found it on level 2 of the Dungeon)

   It has a curse which improves the following skills: Introspection: Fighting
   and Spellcasting.
   Melee Combat: Short Blades, Long Blades, Axes, Maces & Flails, Polearms,
   Staves and Unarmed Combat.
 w - a +0 tower shield
Magical Staves
 r - a staff of air
Jewellery
 h - a ring of magical power
 v - the cursed ring "Oracular Gloom" (left hand) {rF+, Elem, Evo}
   (You found it on level 5 of the Dungeon)

   [ring of protection from fire]

   rF:        It protects you from fire.
   It has a curse which improves the following skills: Elements: Fire Magic, Ice
   Magic, Air Magic and Earth Magic.
   Evocations: Evocations.
Wands
 x - a wand of light (4)
 H - a wand of iceblast (3)
 J - a wand of digging (3)
Scrolls
 i - 2 scrolls of amnesia
 k - a scroll of brand weapon
 l - 3 scrolls of teleportation
 m - 2 scrolls of immolation
 p - 3 scrolls of fear
 s - a scroll of magic mapping
 t - a scroll of vulnerability
 u - 2 scrolls of fog
 y - a scroll of torment
 C - a scroll of silence
 F - a scroll of blinking
Potions
 d - 2 potions of might
 e - 2 potions of haste
 f - 2 potions of lignification
 g - 2 potions of heal wounds
 j - 4 potions of curing
 n - 2 potions of attraction
 q - 5 potions of cancellation
 z - 3 potions of mutation
 D - 3 potions of brilliance
 E - a potion of flight
 K - a potion of ambrosia


   Skills:
 + Level 7.2(9.2) Fighting
 - Level 2.7(7.9) Axes
 - Level 11.8(13.1) Maces & Flails
 - Level 3.8(5.0) Throwing
 + Level 7.8(9.1) Armour
 + Level 6.6(7.9) Dodging
 + Level 7.8(9.1) Shields
 + Level 6.8(8.1) Evocations


You had 10 spell levels left.
You didn't know any spells.
Your spell library contained the following spells:

 Spells                   Type           Power      Damage    Failure   Level
 Freeze                   Ice            0%         1d3       67%         1
 Apportation              Tloc           0%         N/A       71%         1
 Beastly Appendage        Tmut           0%         N/A       71%         1
 Magic Dart               Conj           0%         1d3       71%         1
 Necrotize                Necr           0%         1d4       71%         1
 Summon Small Mammal      Summ           0%         N/A       71%         1
 Call Imp                 Summ           0%         N/A       83%         2
 Searing Ray              Conj           0%         2d4       83%         2
 Wereblood                Tmut           0%         N/A       83%         2
 Frozen Ramparts          Ice            0%         1d2       96%         3
 Mephitic Cloud           Conj/Pois/Air  0%         N/A       96%         3
 Spider Form              Tmut/Pois      0%         N/A       97%         3
 Fulminant Prism          Conj/Hex       0%         3d6       100%        4
 Hailstorm                Conj/Ice       0%         3d3       100%        4
 Olgreb's Toxic Radiance  Pois           0%         N/A       100%        4
 Ozocubu's Refrigeration  Ice            0%         4d5       100%        7
 Ignition                 Fire           0%         3d3       100%        8


Dungeon Overview and Level Annotations

Branches:
Dungeon (10/15) Zot: 1585  Temple (1/1) D:5 Zot: 584 Ossuary (visited)
   Lair: D:8-11         Orc: D:9-12

Altars:
Ashenzari
Dithmenos
Elyvilon
Fedhas
Gozag
Hepliaklqana
Makhleb
Nemelex Xobeh
Okawaru
Qazlal
Ru
Sif Muna
Trog
Uskayaw
Vehumet
Wu Jian
The Shining One
Beogh

Shops:
D:5 *([[   D:7 [=(:

Annotations:
D:10 Snorg


Innate Abilities, Weirdness & Mutations

You passively map the area around you.
You are easily found by Zot.
You glow in the dark.
You regain HP and MP as you explore.


Message History

The orc priest is heavily wounded.
The orc priest misses you.
You are too injured to fight recklessly!
You whack the orc priest!
Lightning courses through the orc priest!
You kill the orc priest!
Things that are here:
a +0 short sword; an orc corpse An orc comes into view.
It is wielding a +0 mace.
The orc shouts!
Snorg the Insatiable comes into view.
Snorg shouts!
You hear a shout!
Snorg beckons gently.
You open the door.
There is an open door here.
There is an open door here.
You whack the orc!
You kill the orc!
Snorg goes berserk!
Things that are here:
a +0 mace; a +0 ring mail You hit Snorg.
Snorg is lightly wounded.
Snorg bites you! You block Snorg's attack. Snorg claws you.
You barely miss Snorg.
Snorg is lightly wounded.
Snorg bites you. Snorg claws you!
* * * LOW HITPOINT WARNING * * *
Snorg barely misses you.
You hit Snorg.
Snorg is lightly wounded.
You can't see any enemies this would affect, really read the scroll of fear?
Okay, then.
As you read the scroll of summoning, it crumbles to dust.
Wisps of shadow whirl around you... You block Snorg's attack.
Snorg claws you but does no damage. x2; Snorg bites you!
* * * LOW HITPOINT WARNING * * *
Snorg claws you but does no damage. Snorg barely misses you.
Snorg attacks as you move away! Snorg barely misses you. Snorg claws you!
You die...

#..:o..8oo
#.#########......#
#.#..............# *
#.#.........###.....
#.#.......))# *.....
#.#..[....).# *,....
#.#T......).# * ....
#.#.T.......# ...
#.#@.c......# ,...
#T'.........# * ,,
###..[......# *, ,
#.........#
#.........# ,
#..)......# **
####'###### #.#
####'#########


You could see Snorg (berserk, ally target), 2 friendly trolls and a friendly
centaur (summoned).

Vanquished Creatures
  A two-headed ogre (D:9)
  Pikel (D:7)
  A vampire (D:10)
  4 yaks (D:9)
  A steam dragon (D:9)
  Duvessa (D:4)
  4 water moccasins
  6 orc warriors
  A sky beast (D:8)
  2 black bears (D:6)
  4 centaurs
  A lemure (D:7)
  A bullfrog (D:8)
  3 necrophages
  2 kobold brigands
  A gnoll sergeant (D:7)
  4 scorpions
  7 wights (D:9)
  Dowan (D:4)
  9 killer bees
  7 howler monkeys
  3 hounds
  5 orc priests
  A bouda (D:8)
  3 jellies
  2 iguanas (D:4)
  9 orc wizards
  4 mummies
  9 gnolls
  8 adders
  A shadow imp (D:6)
  A white imp (D:7)
  2 dart slugs
  39 orcs
  6 endoplasms
  4 giant cockroaches
  2 gnoll zombies (Ossuary)
  3 hobgoblins
  10 jackals
  9 kobolds
  3 quokkas
  5 ball pythons
  9 bats
  5 goblins
  A goblin zombie (Ossuary)
  A hobgoblin zombie (Ossuary)
  3 kobold zombies (Ossuary)
  An orc zombie (Ossuary)
  4 rats
215 creatures vanquished.

Notes
Turn   | Place    | Note
-------+----------+-------------------------------------------
     0 | D:1      | miscthings the Meteoran Fighter began the quest for the
                  | Orb.
     0 | D:1      | Reached XP level 1. HP: 19/19 MP: 2/2
   131 | D:1      | Reached skill level 1 in Maces & Flails
   138 | D:1      | Reached XP level 2. HP: 26/26 MP: 3/3
   238 | D:1      | Reached skill level 2 in Maces & Flails
   411 | D:2      | Found a faded altar of an unknown god.
   428 | D:2      | Reached skill level 3 in Maces & Flails
   428 | D:2      | Reached XP level 3. HP: 18/31 MP: 4/4
   664 | D:3      | Reached XP level 4. HP: 38/38 MP: 5/5
   689 | D:3      | Reached skill level 4 in Maces & Flails
   781 | D:3      | Reached skill level 5 in Maces & Flails
   781 | D:3      | Reached XP level 5. HP: 13/45 MP: 6/6
   993 | D:4      | Reached skill level 6 in Maces & Flails
  1011 | D:4      | Reached XP level 6. HP: 51/51 MP: 7/7
  1095 | D:4      | Noticed Duvessa
  1103 | D:4      | Noticed Dowan
  1116 | D:4      | Killed Duvessa
  1117 | D:4      | Reached skill level 7 in Maces & Flails
  1123 | D:4      | HP: 2/51 [Dowan/shard of ice (15)]
  1126 | D:4      | Killed Dowan
  1127 | D:4      | Reached skill level 8 in Maces & Flails
  1127 | D:4      | Reached XP level 7. HP: 11/57 MP: 8/8
  1429 | D:4      | Reached skill level 9 in Maces & Flails
  1517 | D:4      | Found a sacrificial altar of Ru.
  1870 | D:5      | Entered Level 5 of the Dungeon
  1888 | D:5      | Reached skill level 10 in Maces & Flails
  1888 | D:5      | Reached XP level 8. HP: 50/63 MP: 9/9
  1916 | D:5      | Found Giwint's Armour Shoppe.
  1982 | D:5      | Found Gaihieg's Weapon Shoppe.
  2009 | D:5      | Found a staircase to the Ecumenical Temple.
  2034 | Temple   | Entered the Ecumenical Temple
  2042 | Temple   | Became a worshipper of Ashenzari the Shackled
  2172 | D:5      | Found Vaarav's Armour Boutique.
  2201 | D:5      | Reached skill level 11 in Maces & Flails
  2249 | D:5      | Found Zidak's General Store.
  2482 | D:6      | Reached skill level 1 in Dodging
  2482 | D:6      | Reached skill level 1 in Evocations
  2517 | D:6      | Gained mutation: You passively map the area around you.
                  | [Meteoran growth]
  2517 | D:6      | Reached XP level 9. HP: 36/71 MP: 10/10
  2766 | D:6      | Reached skill level 1 in Throwing
  2766 | D:6      | Reached skill level 5 in Shields
  2781 | D:6      | Reached skill level 5 in Armour
  2881 | D:7      | Found Riorualu's Vocational Training.
  2886 | D:7      | Reached * piety under Ashenzari
  2920 | D:7      | Found Ifeil's Jewellery Boutique.
  2979 | D:7      | Found Mitsargh's Armour Shop.
  3016 | D:7      | Found a sand-covered staircase.
  3024 | D:7      | Reached skill level 5 in Fighting
  3026 | Ossuary  | Entered an ossuary
  3234 | D:7      | Reached XP level 10. HP: 84/84 MP: 11/11
  3294 | D:7      | Found Yczidan's Weapon Shop.
  3325 | D:7      | Noticed Pikel
  3344 | D:7      | Killed Pikel
  3408 | D:7      | Reached ** piety under Ashenzari
  3769 | D:8      | Found a white marble altar of Elyvilon.
  3903 | D:8      | Reached skill level 5 in Evocations
  4089 | D:9      | Reached skill level 5 in Dodging
  4557 | D:9      | Reached XP level 11. HP: 73/94 MP: 12/12
  4588 | D:9      | Identified the cursed +0 cloak of the Perceptive Portent
                  | {Self, Melee} (You found it on level 2 of the Dungeon)
  4588 | D:9      | Identified the cursed +0 scale mail of the Enigmatic Sky
                  | {Cun, Range}
  4645 | D:9      | Noticed a two-headed ogre
  4660 | D:9      | Killed a two-headed ogre
  4687 | D:10     | Entered Level 10 of the Dungeon
  4864 | D:10     | Noticed Snorg
  4875 | D:10     | Slain by Snorg

Illustrated notes

Levels and vault maps discovered:
D:1:      kilobyte_arrival_exit_the_forest, layout_rooms, minivault_23,
          minmay_close_crescents
D:2:      layout_rooms, basic_ecumenical_altar
D:3:      layout_rooms
D:4:      minmay_bubble_buster, layout_basic, hangedman_ru_absence,
          grunt_ministairs_12, uniq_duvessa
D:5:      layout_cave_pods, temple_pool_b, serial_shops,
          nicolae_shop_temple_entry_statues_fountains, nicolae_diamond_shop,
          shop, nicolae_shop_statue_plus, grunt_ministairs_1
D:6:      layout_rooms, minmay_holes
D:7:      layout_gridville, nicolae_ossuary_entry_giza, serial_shops,
          nicolae_stop_n_shop_1, nicolae_shop_crystal, nicolae_shop_stone,
          kennysheep_mini, nicolae_shop_vocational, uniq_pikel
D:8:      layout_basic, mainiacjoe_overflow_six_doors_small
D:9:      layout_roguey, serial_rivers, chequers_serial_rivers_micro_b,
          chequers_serial_rivers_room_b, chequers_serial_rivers_micro_a,
          chequers_serial_rivers_large_b
D:10:     layout_basic, grunt_temple_overflow_open, david_orc_5, serial_shops,
          shop, wad_dig_loot, uniq_snorg
Temple:   nicolae_temple_no_exploring_needed

Skill      XL: |  1  2  3  4  5  6  7  8  9 10 11 |
---------------+----------------------------------+-----
Maces & Flails | 1 3 5 6 8 10 11 | 11.8
Dodging        | 1 3 5 6 |  6.6
Evocations     | 1 3 5 6 |  6.8
Armour         | 4 5 7 |  7.8
Shields        | 4 5 7 |  7.8
Fighting       | 5 6 7 |  7.2
Throwing       | 2 3 |  3.8
Axes           | |  2.7

Action                   |  1- 3 |  4- 6 |  7- 9 | 10-12 || total
-------------------------+-------+-------+-------+-------++-------
Melee: Whip              |    65 |   151 |   335 |   327 ||   878
       War axe           |     5 |       |       |       ||     5
Throw: Dart              |       |       |       |     1 ||     1
Invok: Curse Item        |       |       |     2 |     2 ||     4
Evoke: Wand              |       |     3 |     3 |     9 ||    15
  Use: Potion            |       |     2 |     1 |     1 ||     4
       Scroll            |       |     6 |     1 |     2 ||     9
 Stab: Invisible         |       |       |     1 |       ||     1
Armor: Scale mail        |    51 |    89 |   105 |    66 ||   311
       Skin              |       |    16 |       |    11 ||    27
Dodge: Dodged            |    33 |    62 |   102 |    76 ||   273
Block: Buckler           |    20 |    54 |    88 |    56 ||   218

Table legend: (Time is in decaauts)
 A = Elapsed time spent in this place.
 B = Non-inter-level travel time spent in this place.
 C = Inter-level travel time spent in this place.
 D = Time resting spent in this place.
 E = Time spent auto-exploring this place.
 F = Levels seen in this place.
 G = Mean time per level.
                   A        B        C        D        E       F      G
               +--------+--------+--------+--------+--------+-----+--------+
         Total |   4595 |   4326 |    269 |    133 |   2009 |  12 |  382.9 |
       Dungeon |   4414 |   4151 |    263 |    133 |   1988 |  10 |  441.4 |
        Temple |     15 |      9 |      6 |      0 |      0 |   1 |   15.0 |
       Ossuary |    165 |    165 |      0 |      0 |     21 |   1 |  165.0 |
               +--------+--------+--------+--------+--------+-----+--------+

Top non-repeatable levels by time:
     D:4: 799 daAuts
     D:9: 624 daAuts
     D:5: 523 daAuts
     D:7: 461 daAuts
     D:8: 433 daAuts
     D:6: 380 daAuts
     D:3: 378 daAuts
     D:2: 334 daAuts
     D:1: 317 daAuts
 Ossuary: 165 daAuts
    D:10: 161 daAuts
  Temple: 15 daAuts
